 Dungeon Crawl Stone Soup version 0.25.0-46-gbd7b0854d2 (webtiles) character file.

Game seed: 15865958767171565247

53 Milting the Insei (level 3, 0/23 HPs)
             Began as an Octopode Transmuter on July 13, 2020.
             Slain by an adder (4 damage)
             ... on level 2 of the Dungeon.
             The game lasted 00:04:50 (2188 turns).

Milting the Insei (Octopode Transmuter)             Turns: 2188, Time: 00:04:50

Health: 0/23       AC:  1    Str: 10    XL:     3   Next: 87%
Magic:  6/7        EV: 10    Int: 15    God:
Gold:   76         SH:  6    Dex: 12    Spells: 6/7 levels left

rFire    . . .     SeeInvis .     - Unarmed
rCold    . . .     Gourm    .   o - +0 kite shield (curse)
rNeg     . . .     Faith    .   (helmet restricted)
rPois    .         Spirit   .   (no amulet)
rElec    .         Reflect  .   (no ring)
rCorr    .         Harm     .   (no ring)
MR       .....                  (no ring)
Stlth    ++........             (no ring)
HPRegen  0.07/turn              (no ring)
MPRegen  0.10/turn              (no ring)
                                (no ring)
                                (no ring)

@: lethally poisoned (0 -> -13), flying, very slightly contaminated
A: almost no armour, stealthy swim, amphibious, 8 rings, constrict 8, camouflage
1, gelatinous body 1
a: no special abilities


You were on level 2 of the Dungeon.
You were hungry.

You visited 1 branch of the dungeon, and saw 2 of its levels.

You collected 76 gold pieces.

Inventory:

Missiles
 a - 30 arrows
 h - 56 stones (quivered)
 p - 2 throwing nets
Armour
 o - a cursed +0 kite shield (worn)
Jewellery
 q - an uncursed ring of resist corrosion {unknown}
Scrolls
 b - 3 scrolls of identify {unknown}
 d - 2 scrolls of remove curse {unknown}
 k - a scroll of random uselessness {unknown}
 l - a scroll of blinking {unknown}
 m - a scroll of enchant armour {unknown}
 n - a scroll of noise {unknown}
 r - a scroll of magic mapping {unknown}
 s - a scroll of enchant weapon {unknown}
Potions
 e - a potion of magic {unknown}
 f - a potion of flight
 g - 2 potions of degeneration {unknown}
 i - a potion of heal wounds {unknown}
 j - a potion of invisibility {unknown}
Comestibles
 c - 6 rations


   Skills:
 - Level 1.0 Fighting
 + Level 0.5 Throwing
 - Level 2.2 Dodging
 + Level 0.3 Shields
 - Level 3.3 Unarmed Combat
 + Level 2.8 Spellcasting
 + Level 2.5 Transmutations


You had 6 spell levels left.
You knew the following spells:

 Your Spells              Type           Power        Failure   Level  Hunger
a - Beastly Appendage     Tmut           #.....       43%         1    #......

Your spell library contained the following spells:

 Spells                   Type           Power        Failure   Level  Hunger
 Sticks to Snakes         Tmut           #.......     56%         2    ##.....
 Spider Form              Tmut/Pois      #.........   94%         3    ###....
 Ice Form                 Ice/Tmut       #.......     100%        4    #####..
 Blade Hands              Tmut           #.........   100%        5    ######.


Dungeon Overview and Level Annotations

Branches:
Dungeon (2/15)

Altars:


Innate Abilities, Weirdness & Mutations

You cannot wear most types of armour.
You are very stealthy in the water. (Stealth+)
You are amphibious.
You can wear up to eight rings at the same time.
You can use your tentacles to constrict eight enemies at once.
Your skin changes colour to match your surroundings (Stealth+).
Your rubbery body absorbs attacks. (AC +1, EV +1)


Message History

The adder poisons you!
You tentacle-slap the adder. Your grab misses the adder.
The adder is severely wounded.
You feel sick. The adder bites you.
* * * LOW HITPOINT WARNING * * *
You are lethally poisoned!
The adder poisons you!
You tentacle-slap the adder but do no damage.
Your grab misses the adder.
The adder is severely wounded.
The adder bites you.
* * * LOW HITPOINT WARNING * * *
You are more poisoned.
The adder poisons you!
It was a potion of flight.
You feel very buoyant.
You fly up into the air.
* * * LOW HITPOINT WARNING * * *
You feel sick. The adder closely misses you. The adder bites you.
You die...

### ####
######.##############
...##
##...#...............#
≈♣....
.......#.##########.#
≈≈♣##. ...#.#.## #.#
P≈≈♣#..##..#..## #.#
P≈P≈≈..#..)#.## #.#
≈≈≈≈#..#.#.#.#######
#.# ≈≈♣
#........#.S@..# #.#
P≈♣ #......###.###.#
#####.## ♣♣♣ ####.###
#. #.# #......# #..#
#.###.# #.##.#.# ##.#
#.....# #.##.#.#
#.######.### #....#.#
###.....##.# #.####.#
♣♣♣###♣≈P♣♣.#.##.#
#.####>#
≈≈≈P♣♣≈≈≈≈≈≈.....#
#......#


You could see an adder.

Vanquished Creatures
  An adder (D:2)
  An ooze (D:2)
  A dart slug (D:1)
  2 leopard geckos
  A ball python (D:1)
  5 bats
  A giant cockroach (D:1)
  5 hobgoblins
  5 goblins
  7 kobolds
  6 rats
35 creatures vanquished.

Notes
Turn   | Place    | Note
-------+----------+-------------------------------------------
     0 | D:1      | Milting the Octopode Transmuter began the quest for the
                  | Orb.
     0 | D:1      | Reached XP level 1. HP: 13/13 MP: 3/3
   431 | D:1      | Reached XP level 2. HP: 18/18 MP: 5/5
  1165 | D:1      | Reached XP level 3. HP: 23/23 MP: 6/6
  2188 | D:2      | Slain by an adder

Illustrated notes

Levels and vault maps discovered:
D:1:      kennysheep_arrival_seaside, layout_basic
D:2:      layout_loops_cross, serial_bayou, serial_bayou_pond_a,
          serial_bayou_lagoon_b, serial_bayou_lake_a, serial_bayou_pond_b

Action                   || total
-------------------------++-------
Melee: Unarmed           ||    85
       Constrict         ||    23
       Tentacles         ||    14
       Kick              ||     3
Throw: Stone             ||     4
 Cast: Beastly Appendage ||     2
  Use: Potion            ||     1
 Stab: Sleeping          ||     7
  Eat: Chunk             ||     3
Armor: Skin              ||     6
Dodge: Dodged            ||    49
Block: Kite shield       ||     7
